Unix NetHack Version 3.7.0-95 Work-in-progress - last build Jan 1 2024 20:51:50 (6a0ccc5fa2390e420dd2d488a2f9488d2ae3a63b,branch:master). Game began 2024-01-03 17:31:28, ended 2024-01-03 17:32:08. Arasaka, chaotic female elven Ranger ----- ....| |...| |...| |.@)| |.`.| ---d- . |. |. |. |. |. --- Arasaka the Tenderfoot St:14 Dx:12 Co:15 In:13 Wi:14 Ch:8 Chaotic Dlvl:1 $:0 HP:12(14) Pw:3(3) AC:10 Xp:1/1 T:23 Latest messages: [Mars has chosen you to recover the Amulet of Yendor for Him.] Hello Arasaka, welcome to NetHack! You are a chaotic female elven Ranger. What do you want to ready? [- cd or ?*] That ammunition is already readied! What do you want to ready? [- cd or ?*] d - 32 uncursed +0 elven arrows (in quiver). You see here a chest. Korone misses the jackal. Korone misses the jackal. You kill the jackal! Korone eats a jackal corpse. Hmmm, the chest turns out to be locked. There is a locked chest here; force its lock? [ynq] (q) You force your elven dagger into a crack and pry. The goblin throws a crude dagger! You are hit by a crude dagger. You stop forcing the lock. The chest is locked. You resume your attempt to force the lock. You succeed in forcing the lock. What do you want to name? [a-f or ?*] Sting flickers light blue! g - a scroll labeled FOOBIE BLETCH. h - an aluminum wand. What do you want to read? [g or ?*] As you read the scroll, it disappears. Your cloak crumbles and turns to dust! You sure are noisy. Korone bites the goblin. The goblin is killed! Korone eats a goblin corpse. Sting stops flickering. What do you want to write with? [- abcdh or ?*] You write in the dust with your fingertip. What do you want to write with? [- abcdh or ?*] Do you want to add to the current engraving? [ynq] (y) You add to the writing in the dust with an aluminum wand. The bugs on the floor slow down! Beware, there will be no return! Still climb? [yn] (n) Inventory: Weapons (')') c - 56 uncursed +2 elven arrows d - 32 uncursed +0 elven arrows (in quiver) b - an uncursed +1 elven bow (alternate weapon; not wielded) a - the uncursed +1 Sting (weapon in right hand) Comestibles ('%') f - 5 uncursed lembas wafers Wands ('/') h - an uncursed wand of slow monster (0:6) Arasaka the Ranger's attributes: Background: You were a Tenderfoot, a level 1 female elven Ranger. You were chaotic, on a mission for Mars who was opposed by Mercury (lawful) and Venus (neutral). You were right-handed. You were in the Dungeons of Doom, on level 1. You entered the dungeon 23 turns ago. You had 1 experience point, 19 more were needed to attain level 2. Basics: You had 12 out of 14 hit points. You had all 3 energy points (spell power). Your armor class was 10. Your wallet was empty. Autopickup was on for '$"?' plus thrown, with exceptions. Final Characteristics: Your strength was 14 (limit:18). Your dexterity was 12 (limit:18). Your constitution was 15 (limit:16). Your intelligence was 13 (limit:20). Your wisdom was 14 (limit:20). Your charisma was 8 (limit:18). Final Status: You weren't hungry. You were unencumbered. You were wielding a dagger. You had basic skill with dagger. You weren't wearing any armor. Final Attributes: You were fervently aligned. You were aware of the presence of orcs. You had automatic searching. You had infravision. You survived. Miscellaneous: You disabled loading of bones levels. Total elapsed playing time was 39 seconds. Major events: Turn 1: Arasaka the chaotic female elven Ranger entered the dungeon 17: became literate by naming Sting 23: escaped Vanquished creatures: a jackal a goblin 2 creatures vanquished. No species were genocided or became extinct. Voluntary challenges: You went without food. You were an atheist. You read items or engraved 4 times. You never engraved Elbereth. You never genocided any monsters. You never polymorphed an object. You never changed form. You used no wishes. The Dungeons of Doom: Level 1: <- You left from here. Goodbye Arasaka the Ranger... You escaped from the dungeon with 2014 points, Sting (worth 800 zorkmids and 2000 points) and 0 pieces of gold, after 23 moves. You were level 1 with a maximum of 14 hit points when you escaped.